 Dungeon Crawl Stone Soup version 0.30-a0-393-g54b8e3be05 (webtiles) character file.

Game seed: 8896586151668605820

3118 bande the Cleaver (level 9, -4/56 HPs)
             Began as a Gargoyle Fighter on Dec 6, 2022.
             Slain by a gnoll sergeant
             ... wielding a +4 vampiric trident
              (9 damage)
             ... on level 6 of the Dungeon.
             The game lasted 00:09:27 (5174 turns).

bande the Cleaver (Gargoyle Fighter)                Turns: 5174, Time: 00:09:27

Health: -4/56      AC: 13    Str: 27    XL:     9   Next: 91%
Magic:  0/9        EV: 10    Int:  8    God:
Gold:   387        SH:  5    Dex: 13    Spells: 8/8 levels left

rFire   . . .      SeeInvis .    a - +0 war axe
rCold   . . .      Faith    .    c - +0 buckler
rNeg    + . .      Spirit   +    n - +1 ring mail of Weugg {Regen+}
rPois   ∞          Reflect  .    (no helmet)
rElec   +          Harm     .    (no cloak)
rCorr   .          Rampage  .    (no gloves)
Will    .....                    (no boots)
Stlth   +.........               o - amulet of guardian spirit
HPRegen 1.09/turn                q - +6 ring of strength
MPRegen 0.11/turn                (no ring)

@: no status effects
A: sickness immunity, AC +6, negative energy resistance 1, electricity
resistance, torment resistance 1, petrification resistance
a: no special abilities


You were on level 6 of the Dungeon.
You visited 1 branch of the dungeon, and saw 7 of its levels.

You collected 387 gold pieces.

Inventory:

Hand Weapons
 a - a +0 war axe (weapon)
 e - a +0 flail
 i - a +0 war axe
Armour
 c - a +0 buckler (worn)
 h - a +1 ring mail of cold resistance
 n - the +1 ring mail of Weugg (worn) {Regen+}
   (You found it on level 3 of the Dungeon)

   Regen:     It increases your rate of health regeneration.
Jewellery
 f - a ring of ice
 o - an amulet of guardian spirit (around neck)
 p - a ring of fire
 q - a +6 ring of strength (left hand)
 v - an amulet of the acrobat
Wands
 g - a wand of mindburst (13)
 l - a wand of flame (29)
Scrolls
 j - a scroll of fear
 m - a scroll of enchant weapon {unknown}
 r - a scroll of amnesia {unknown}
 s - a scroll of teleportation
 t - 2 scrolls of noise {unknown}
 u - a scroll of summoning {unknown}
 w - a scroll of torment {unknown}
Potions
 b - a potion of curing
 d - a potion of might
 k - a potion of heal wounds


   Skills:
 + Level 6.8 Fighting
 + Level 9.0 Axes
 + Level 6.8 Armour
 - Level 0.2 Stealth
 + Level 5.9 Shields
 * Level 2.7 Evocations


You had 8 spell levels left.
You didn't know any spells.
Your spell library contained the following spells:

 Spells                   Type           Power      Damage    Failure   Level
 Apportation              Tloc           0%         N/A       61%         1
 Shock                    Conj/Air       0%         1d3       61%         1
 Ignite Poison            Fire/Tmut/Pois 0%         N/A       93%         3
 Kindle Blastsparks       Fire/Tloc/Air  0%         2d10      93%         3
 Ozocubu's Armour         Ice            0%         N/A       93%         3
 Swiftness                Air            0%         N/A       93%         3
 Airstrike                Air            0%         2d(0-16)  100%        4
 Dispel Undead            Necr           0%         3d6       100%        4
 Fulminant Prism          Conj/Hex       0%         3d5       100%        4
 Iskenderun's Mystic Bla  Conj/Tloc      0%         2d3       100%        4
 Alistair's Intoxication  Tmut/Pois      0%         N/A       100%        5
 Freezing Cloud           Conj/Ice/Air   0%         6-21      100%        5
 Lee's Rapid Deconstruct  Erth           0%         3d4*      100%        5
 Death Channel            Necr           0%         N/A       100%        6
 Ozocubu's Refrigeration  Ice            0%         4d7       100%        7
 Cigotuvi's Dreadful Rot  Necr/Pois/Air  Unusable   N/A       N/A         2

Dungeon Overview and Level Annotations

Branches:
Dungeon (7/15)
 Temple: D:4-7

Altars:
Fedhas
Makhleb
Nemelex Xobeh
Ru
Sif Muna
Yredelemnul

Shops:
D:2 ?   D:6 !   D:7 (


Innate Abilities, Weirdness & Mutations

You are immune to sickness and miasma.
Your stone body is resilient. (AC +6)
You are immune to poison.
You resist negative energy. (rN+)
You are resistant to electric shocks. (rElec)
You are resistant to unholy torment.
You are immune to petrification.


Message History

The gnoll is heavily wounded.
You hit the gnoll but do no damage. You closely miss the wight.
You hit the gnoll sergeant.
The gnoll sergeant hits you with a +4 vampiric trident!
The gnoll barely misses you. You block the gnoll's attack.
The wight hits you but does no damage.
The gnoll sergeant hits you with a +4 vampiric trident!
Unknown command.
You barely miss the gnoll sergeant.
The gnoll sergeant is moderately wounded.
You completely miss the gnoll. You barely miss the wight. You hit the gnoll.
The gnoll barely misses you. The gnoll hits you with a +0 halberd.
The wight hits you but does no damage.
The gnoll sergeant hits you with a +4 vampiric trident!
* * * LOW HITPOINT WARNING * * *
You hit the gnoll sergeant but do no damage.
The gnoll sergeant is moderately wounded.
You hit the gnoll. You closely miss the wight. You slash the gnoll!
You kill the gnoll!
The gnoll barely misses you. The wight hits you with a +0 hand axe.
* * * LOW HITPOINT WARNING * * *
The gnoll sergeant hits you with a +4 vampiric trident.
* * * LOW HITPOINT WARNING * * *
You hit the gnoll sergeant but do no damage.
The gnoll sergeant is lightly wounded.
You slash the gnoll!
You kill the gnoll!
You hit the wight but do no damage. The wight hits you but does no damage.
The gnoll sergeant hits you but does no damage.
Your Axes skill increases to level 9!
You closely miss the gnoll sergeant.
The gnoll sergeant is lightly wounded.
You slash the wight!
You destroy the wight!
The gnoll sergeant hits you with a +4 vampiric trident.
* * * LOW HITPOINT WARNING * * *
You hit the gnoll sergeant.
The gnoll sergeant is moderately wounded.
The gnoll sergeant hits you with a +4 vampiric trident!
You die...

###################
##..#..#.#..#..##...
#.)............#....
#.)@)..........#....
########)g##...#########..
##.....##..##...###...#####
#..........#.....#......#..
#...#......#.....#......#..
#...#......#.....#......#..
########.###..##.###...##..####÷#
..##..##.###..##.###...##..####.#
..............)........#.........


You could see a gnoll sergeant.

Vanquished Creatures
  Pikel (D:6)
  Sigmund (D:3)
  Eustachio (D:6)
  An acid dragon (D:6)
  A water moccasin (D:5)
  3 ice beasts
  2 black bears
  2 sky beasts
  An ogre (D:6)
  2 phantoms (D:5)
  Blork the orc (D:6)
  A bullfrog (D:6)
  3 scorpions
  A gnoll sergeant (D:7)
  2 wights
  4 hounds
  A jelly (D:5)
  An orc priest (D:6)
  2 gnoll boudas (D:6)
  Ijyb (D:5)
  Natasha (thrice) (D:3)
  2 iguanas
  2 orc wizards
  19 gnolls
  6 adders
  A shadow imp (D:7)
  2 ufetubi
  A worm (D:2)
  A dart slug (D:4)
  17 orcs
  10 ball pythons
  6 endoplasms
  7 giant cockroaches
  5 goblins
  6 hobgoblins
  2 jackals (D:4)
  6 quokkas
  7 bats
  4 frilled lizards
  4 kobolds
  5 rats
148 creatures vanquished.

Notes
Turn   | Place    | Note
-------+----------+-------------------------------------------
     0 | D:1      | bande the Gargoyle Fighter began the quest for the Orb.
     0 | D:1      | Reached XP level 1. HP: 14/14 MP: 1/1
   122 | D:1      | Reached XP level 2. HP: 16/19 MP: 2/2
   160 | D:1      | Reached skill level 2 in Axes
   474 | D:1      | Reached XP level 3. HP: 21/23 MP: 3/3
  1320 | D:2      | Found Xikk's Magic Scroll Emporium.
  1330 | D:2      | Reached XP level 4. HP: 29/29 MP: 4/4
  1518 | D:2      | Reached skill level 3 in Axes
  1558 | D:2      | Found a faded altar of an unknown god.
  1888 | D:3      | Identified the +1 ring mail of Weugg {Regen+}
  2001 | D:3      | Noticed Sigmund
  2024 | D:3      | Killed Sigmund
  2025 | D:3      | Reached skill level 4 in Axes
  2025 | D:3      | Reached XP level 5. HP: 23/33 MP: 5/5
  2025 | D:3      | Reached XP level 6. HP: 26/38 MP: 6/6
  2138 | D:3      | Noticed Natasha
  2144 | D:3      | Killed Natasha
  2265 | D:3      | Noticed Natasha
  2273 | D:3      | Killed Natasha
  2306 | D:3      | Noticed Natasha
  2321 | D:3      | Killed Natasha
  2418 | D:3      | Identified the +9 dagger of the Egg {vorpal, +Blink Str+2
                  | Int+4}
  2743 | D:4      | Found a shimmering blue altar of Sif Muna.
  2968 | D:4      | Reached skill level 5 in Armour
  3056 | D:4      | Reached XP level 7. HP: 42/44 MP: 7/7
  3192 | D:5      | Entered Level 5 of the Dungeon
  3303 | D:5      | Reached skill level 5 in Axes
  3513 | D:5      | Identified the +1 dagger of the Four Invaders {vorpal,
                  | Dex+2}
  3525 | D:5      | Reached XP level 8. HP: 48/48 MP: 8/8
  3544 | D:5      | Identified the +3 robe of the Iron Devil {rN+}
  3562 | D:5      | Noticed Ijyb
  3569 | D:5      | Killed Ijyb
  3570 | D:5      | Reached skill level 6 in Axes
  3748 | D:5      | Reached skill level 5 in Fighting
  3908 | D:5      | You fall into a shaft and drop 2 floors!
  3974 | D:7      | Found Vyzin's Weapon Shoppe.
  3995 | D:7      | Found a burning altar of Makhleb.
  4002 | D:7      | Identified the +1 whip of Xuniumo {distort, rPois Str+3
                  | SInv}
  4059 | D:6      | Noticed Eustachio
  4059 | D:6      | Found Hiqecuma's Distillery.
  4088 | D:7      | Reached skill level 7 in Axes
  4099 | D:7      | Reached skill level 5 in Shields
  4129 | D:6      | Killed Eustachio
  4130 | D:6      | Reached XP level 9. HP: 48/55 MP: 6/9
  4161 | D:6      | Found a sparkling altar of Nemelex Xobeh.
  4359 | D:6      | Found a basalt altar of Yredelemnul.
  4365 | D:6      | Found a blossoming altar of Fedhas.
  4385 | D:6      | Reached skill level 1 in Evocations
  4547 | D:6      | Noticed Pikel
  4560 | D:6      | Killed Pikel
  4561 | D:6      | Reached skill level 8 in Axes
  4611 | D:6      | Noticed Blork the orc
  4616 | D:6      | Killed Blork the orc
  4713 | D:6      | Found a sacrificial altar of Ru.
  5173 | D:6      | Reached skill level 9 in Axes
  5174 | D:6      | Slain by a gnoll sergeant

Illustrated notes

Levels and vault maps discovered:
D:1:      heliophobic_arrival_enchanted_forest, layout_basic
D:2:      layout_loops_ring, ebering_ecumenical_altar_abandoned, serial_shops,
          nicolae_lakefront_shop, kennysheep_generic_room_14
D:3:      layout_basic, serial_corexii_hall, corexii_hall_statues_x,
          corexii_hall_statues_x, chequers_hall_statues_wall_a,
          minmay_misc_feat_square, uniq_sigmund, uniq_natasha
D:4:      layout_rooms, nicolae_sif_muna_condensation
D:5:      layout_loops_ring, chequers_mini_garden, uniq_ijyb
D:6:      layout_gridville, mainiacjoe_overflow_big_doors, fedhas_altar_1,
          nemelex_xobeh_ov_fountains_minmay, serial_shops, shop, minivault_23,
          uniq_eustachio, uniq_pikel, uniq_blork_the_orc
D:7:      layout_loops_ring, bloody_makhleb, minmay_temple_entry_butterflies,
          serial_shops, kennysheep_mini

Skill      XL: |  1  2  3  4  5  6  7  8  9 |
---------------+----------------------------+-----
Axes           | 2 4 5 7 9 |  9.0
Fighting       | 4 5 6 |  6.8
Armour         | 4 5 6 |  6.8
Shields        | 4 5 |  5.9
Evocations     | 2 |  2.7
Stealth        | |  0.2

Action                   |  1- 3 |  4- 6 |  7- 9 || total
-------------------------+-------+-------+-------++-------
Melee: War axe           |   137 |   182 |   324 ||   643
  Use: Potion            |       |     5 |       ||     5
       Scroll            |       |       |     8 ||     8
 Stab: Invisible         |       |     1 |       ||     1
Armor: Scale mail        |   105 |    21 |       ||   126
       Ring mail         |       |    87 |   205 ||   292
Dodge: Dodged            |    70 |   103 |   232 ||   405
Block: Buckler           |    25 |    48 |    99 ||   172

Table legend: (Time is in decaauts)
 A = Elapsed time spent in this place.
 B = Non-inter-level travel time spent in this place.
 C = Inter-level travel time spent in this place.
 D = Time resting spent in this place.
 E = Time spent auto-exploring this place.
 F = Levels seen in this place.
 G = Mean time per level.
                   A        B        C        D        E       F      G
               +--------+--------+--------+--------+--------+-----+--------+
         Total |   5379 |   5267 |    112 |    483 |   3312 |   7 |  768.4 |
       Dungeon |   5379 |   5267 |    112 |    483 |   3312 |   7 |  768.4 |
               +--------+--------+--------+--------+--------+-----+--------+

Top non-repeatable levels by time:
     D:6: 1049 daAuts
     D:1: 1022 daAuts
     D:3: 917 daAuts
     D:2: 834 daAuts
     D:5: 749 daAuts
     D:4: 557 daAuts
     D:7: 250 daAuts
